 Dungeon Crawl Stone Soup version 0.27.0-1-g7a089689b8 (webtiles) character file.

Game seed: 6256768105916599368

1901 ZARRMARR the Chucker (level 8, -1/79 HPs)
             Began as a Troll Hunter on Aug 5, 2021.
             Was an Initiate of Ru.
             Killed from afar by a steam dragon (11 damage)
             ... with a ball of steam
             ... on level 7 of the Dungeon.
             The game lasted 00:39:29 (6381 turns).

ZARRMARR the Chucker (Troll Hunter)                 Turns: 6381, Time: 00:39:30

Health: -1/79      AC:  5    Str: 21    XL:     8   Next: 94%
Magic:  7/7        EV: 25    Int:  7    God:    Ru [......]
Gold:   224        SH:  0    Dex: 12    Spells: 5/7 levels left

rFire    . . .     SeeInvis .   o - +2 whip (vamp)
rCold    . . .     Faith    .   (no shield)
rNeg     . . .     Spirit   .   b - +0 robe
rPois    .         Reflect  .   (helmet restricted)
rElec    .         Harm     .   p - +0 cloak
rCorr    .         Rampage  .   (gloves unavailable)
Will     .....                  (boots unavailable)
Stlth    ++........             E - amulet of the acrobat
HPRegen  1.23/turn              (no ring)
MPRegen  0.10/turn              (no ring)

@: brilliant, acrobatic, hasted, very quick
A: large, unfitting armour, claws 3, regeneration 1, shaggy fur 1, tough skin 1
a: Renounce Religion


You were on level 7 of the Dungeon.
You worshipped Ru.
Ru was noncommittal.
You visited 2 branches of the dungeon, and saw 8 of its levels.
You also visited: Ossuary.

You collected 224 gold pieces.

Inventory:

Hand Weapons
 e - a +2 whip of venom
 o - a +2 vampiric whip (weapon)
 v - a +2 flail of protection
 G - a +0 giant spiked club
Missiles
 a - 2 boomerangs
 c - 4 large rocks (quivered)
 d - 2 throwing nets
 i - 161 stones
 l - a poisoned dart
Armour
 b - a +0 robe (worn)
 p - a +0 cloak (worn)
Jewellery
 E - an amulet of the acrobat (around neck)
Wands
 u - a wand of digging (5)
 D - a wand of acid (7)
Scrolls
 f - 3 scrolls of enchant armour {unknown}
 g - a scroll of enchant weapon {unknown}
 h - 2 scrolls of magic mapping
 j - 5 scrolls of immolation
 k - 8 scrolls of noise
 n - a scroll of summoning {unknown}
 q - 3 scrolls of teleportation {unknown}
 r - a scroll of blinking {unknown}
 y - a scroll of fear {unknown}
 B - 3 scrolls of brand weapon {unknown}
 F - a scroll of identify {unknown}
Potions
 m - 2 potions of haste
 s - 4 potions of brilliance
 t - 2 potions of curing
 w - a potion of lignification {unknown}
 z - 2 potions of invisibility {unknown}
 A - 2 potions of might {unknown}
 C - a potion of berserk rage {unknown}


   Skills:
 + Level 4.4 Fighting
 + Level 5.8 Maces & Flails
 + Level 6.8 Throwing
 + Level 3.6 Dodging
 + Level 1.7 Stealth
 + Level 1.0 Unarmed Combat


You had 5 spell levels left.
You knew the following spells:

 Your Spells              Type           Power      Damage    Failure   Level
a - Blink                 Tloc           N/A        N/A       56%         2

Your spell library contained the following spells:

 Spells                   Type           Power      Damage    Failure   Level
 Apportation              Tloc           0%         N/A       43%         1
 Slow                     Hex            0%         N/A       56%         2
 Confusing Touch          Hex            0%         N/A       80%         3
 Lesser Beckoning         Tloc           0%         N/A       80%         3
 Portal Projectile        Hex/Tloc       0%         N/A       80%         3
 Vampiric Draining        Necr           0%         2d6       80%         3
 Alistair's Intoxication  Tmut/Pois      0%         N/A       100%        5
 Blade Hands              Tmut           0%         N/A       100%        5
 Excruciating Wounds      Necr           0%         N/A       100%        5
 Manifold Assault         Tloc           0%         N/A       100%        5
 Invisibility             Hex            0%         N/A       100%        6


Dungeon Overview and Level Annotations

Branches:
Dungeon (7/15)             Temple (1/1) D:6         Ossuary (visited)

Altars:
Ashenzari
Dithmenos
Elyvilon
Fedhas
Hepliaklqana
Makhleb
Okawaru
Ru
Trog
Uskayaw
Vehumet
Xom
Yredelemnul
Zin

Shops:
D:1 (


Innate Abilities, Weirdness & Mutations

You are too large for most types of armour.
You have claws for hands.
Your natural rate of healing is unusually fast.
You are covered in fur. (AC +1)
You have tough skin. (AC +1)


Message History

Unknown command.
It was a potion of brilliance.
You feel clever all of a sudden.
You feel very sick. The killer bee stings you!
* * * LOW HITPOINT WARNING * * *
The killer bee stings you.
* * * LOW HITPOINT WARNING * * *
The steam dragon barely misses you.
The steam dragon claws you but does no damage.
You feel very sick. The killer bee barely misses you.
It was a potion of curing.
You feel better.
The killer bee is engulfed in a cloud of scalding steam.
The killer bee barely misses you. The killer bee stings you.
* * * LOW HITPOINT WARNING * * *
The steam dragon breathes steam at you. The ball of steam hits you!
* * * LOW HITPOINT WARNING * * *
You hear an angry buzzing noise.
The killer bee stings you.
* * * LOW HITPOINT WARNING * * *
It was a potion of haste.
You feel yourself speed up. The killer bee barely misses you.
The killer bee stings you but does no damage.
The steam dragon bites you.
* * * LOW HITPOINT WARNING * * *
The steam dragon claws you.
* * * LOW HITPOINT WARNING * * *
The killer bee is engulfed in a cloud of scalding steam.
The killer bee barely misses you.
Really walk into that cloud of steam?
Okay, then.
You hit the killer bee.
The killer bee is almost dead.
The killer bee is engulfed in a cloud of scalding steam.
The killer bee dies!
The steam dragon breathes steam at you. The ball of steam hits you!
You die...

##################
#.................
#@#..........#....
#§##.#..#.......#.
#§#.#.##...#...#..
#D#.#####..##.#.##
##.################
#..........#
#..........#
#..........#
#..........+


There were no monsters in sight!

Vanquished Creatures
  Sigmund (D:3)
  A steam dragon (D:6)
  Edmund (D:5)
  A black bear (D:6)
  A sky beast (D:7)
  A necrophage (D:4)
  An ice beast (D:5)
  2 ogres (D:6)
  A scorpion (D:5)
  A water moccasin skeleton (D:6)
  A killer bee (D:7)
  A bullfrog zombie (D:5)
  A jelly (D:6)
  2 gnoll shamans (D:6)
  5 hounds
  2 bullfrog skeletons
  A human zombie (Ossuary)
  An iguana (D:5)
  2 orc wizards
  A hound skeleton (D:4)
  5 mummies
  11 gnolls
  9 adders
  A white imp (D:7)
  3 worms
  2 dart slugs
  5 orcs (D:6)
  10 endoplasms
  4 giant cockroaches (D:4)
  10 goblins
  6 hobgoblins
  19 jackals
  5 kobolds
  3 quokkas
  10 ball pythons
  9 bats
  2 frilled lizards
  A gnoll zombie (Ossuary)
  2 goblin zombies (Ossuary)
  A hobgoblin zombie (Ossuary)
  A kobold zombie (Ossuary)
  2 orc zombies (Ossuary)
  5 rats
154 creatures vanquished.

Vanquished Creatures (others)
  A killer bee (D:7)
  15 plants (D:2)
16 creatures vanquished.

Grand Total: 170 creatures vanquished

Notes
Turn   | Place    | Note
-------+----------+-------------------------------------------
     0 | D:1      | ZARRMARR the Troll Hunter began the quest for the Orb.
     0 | D:1      | Reached XP level 1. HP: 19/19 MP: 0/0
   144 | D:1      | Reached XP level 2. HP: 26/27 MP: 1/1
   224 | D:1      | Found Axtujash's Weapon Emporium.
   269 | D:1      | Reached skill level 4 in Throwing
   280 | D:1      | Found a faded altar of an unknown god.
   765 | D:1      | Reached XP level 3. HP: 35/35 MP: 2/2
   808 | D:2      | Reached skill level 1 in Unarmed Combat
  1168 | D:2      | Reached skill level 1 in Maces & Flails
  1444 | D:2      | Reached XP level 4. HP: 42/42 MP: 3/3
  1769 | D:3      | Noticed Sigmund
  1771 | D:3      | Killed Sigmund
  1772 | D:3      | Reached XP level 5. HP: 49/49 MP: 4/4
  1931 | D:3      | Reached skill level 5 in Throwing
  1994 | D:3      | Found a sacrificial altar of Ru.
  2012 | D:3      | Became a worshipper of Ru the Awakened
  2212 | D:3      | Reached XP level 6. HP: 57/57 MP: 5/5
  2375 | D:3      | Found a burning altar of Makhleb.
  2380 | D:3      | Noticed a blizzard demon
  2382 | D:3      | Found a glowing silver altar of Zin.
  2384 | D:3      | Noticed an angel
  2749 | D:4      | Learned a level 2 spell: Blink
  3528 | D:5      | Entered Level 5 of the Dungeon
  3538 | D:5      | Reached skill level 1 in Stealth
  3579 | D:5      | Reached XP level 7. HP: 66/66 MP: 6/6
  3709 | D:5      | Noticed Edmund
  3718 | D:5      | Killed Edmund
  4136 | D:5      | Found a hide-covered altar of Uskayaw.
  4647 | D:6      | Reached skill level 6 in Throwing
  4647 | D:6      | Reached XP level 8. HP: 75/75 MP: 7/7
  4648 | D:6      | Found a staircase to the Ecumenical Temple.
  4743 | D:6      | Found a sand-covered staircase.
  4752 | Ossuary  | Entered an ossuary
  4948 | Ossuary  | Reached skill level 5 in Maces & Flails
  5380 | D:6      | Found a white marble altar of Elyvilon.
  5669 | Temple   | Entered the Ecumenical Temple
  6381 | D:7      | Killed from afar by a steam dragon

Illustrated notes

Levels and vault maps discovered:
D:1:      dpeg_arrival_simpleton_c, layout_basic, basic_ecumenical_altar,
          serial_shops, nicolae_shop_window_shopping, chequers_decorated_corner,
          chequers_serial_rivers_micro_d
D:2:      layout_loops_corners, serial_bayou, serial_bayou_shore_a,
          serial_bayou_lagoon_b, serial_bayou_pond_c, serial_bayou_crossing
D:3:      layout_loops_corners, grunt_temple_overflow_order_and_chaos_2,
          nicolae_ru_great_annihilating_truth, uniq_sigmund
D:4:      layout_loops_ring, eino_small_chamber_without_monster,
          chequers_serial_rivers_room_a
D:5:      layout_basic, nicolae_uskayaw_suspiria, uniq_edmund
D:6:      layout_gridville, elyvilon_altar_4, minmay_temple_entry_wispy,
          gup_ossuary_entry_pyramid
D:7:      minmay_the_grid_triangle_9x9_rhombus_full
          [minmay_the_grid_triangle_9x9_skeleton,
          minmay_the_grid_triangle_9x9_odd_lines,
          minmay_the_grid_triangle_9x9_limited_checkers,
          minmay_the_grid_triangle_9x9_empty,
          minmay_the_grid_triangle_9x9_shrine,
          minmay_the_grid_triangle_9x9_pentomino_pain,
          minmay_the_grid_triangle_9x9_stretched_checkered,
          minmay_the_grid_triangle_9x9_prize_special], layout_gridville,
          nicolae_lava_and_water, minmay_misc_feat_rugged, nrook_mini_backslash,
          minivault_1, uniq_pikel
Temple:   jpeg_temple_island

Skill      XL: |  1  2  3  4  5  6  7  8 |
---------------+-------------------------+-----
Throwing       | 4 5 6 |  6.8
Unarmed Combat | 1 |  1.0
Dodging        | 2 3 |  3.6
Maces & Flails | 1 2 3 4 5 |  5.8
Fighting       | 2 3 4 |  4.4
Stealth        | 1 |  1.7

Action                   |  1- 3 |  4- 6 |  7- 9 || total
-------------------------+-------+-------+-------++-------
Melee: Unarmed           |    25 |       |       ||    25
       Whip              |    68 |   118 |   277 ||   463
       Punch             |     1 |     1 |     1 ||     3
Throw: Boomerang         |    38 |    46 |    71 ||   155
       Large rock        |     1 |     5 |    10 ||    16
       Dart              |       |       |     5 ||     5
Invok: Reject Sacrifices |       |       |     1 ||     1
  Use: Scroll            |       |     1 |     1 ||     2
       Potion            |       |       |     3 ||     3
 Stab: Paralysed         |       |     1 |       ||     1
       Sleeping          |       |     5 |     1 ||     6
Armor: Robe              |    38 |    37 |    87 ||   162
Dodge: Dodged            |    56 |    63 |   154 ||   273
